 Dungeon Crawl Stone Soup version 0.31-a0-175-g9f7f995f2b (webtiles) character file.

Game seed: 17357915327980624034

2529 qw the Cleaver (level 9, -2/57 HPs)
             Began as a Gargoyle Fighter on June 16, 2023.
             Was a Believer of Okawaru.
             Slain by a hornet (9 damage)
             ... on level 7 of the Dungeon.
             The game lasted 00:03:16 (6175 turns).

qw the Cleaver (Gargoyle Fighter)                   Turns: 6175, Time: 00:03:17

Health: -2/57      AC: 17    Str: 23    XL:     9   Next: 54%
Magic:  10/12      EV: 10    Int: 10    God:    Okawaru [**....]
Gold:   275        SH:  6    Dex:  9    Spells: 8/8 levels left

rFire   . . .        Y - +1 war axe
rCold   + . .        c - +0 buckler
rNeg    + . .        i - +0 chain mail
rPois   inf          (no helmet)
rElec   +            (no cloak)
rCorr   .            (no gloves)
SInv    .            (no boots)
Will    .....        (no amulet) Stlth
                     b - ring of protection from cold
HPRegen 0.29/turn    (no ring)
MPRegen 0.13/turn

%: no passive effects
@: heroic
A: sickness immunity, AC +6, negative energy resistance 1, electricity
resistance, torment resistance 1, petrification resistance
a: Renounce Religion, Heroism


You were on level 7 of the Dungeon.
You worshipped Okawaru.
Okawaru was pleased with you.
You visited 2 branches of the dungeon, and saw 8 of its levels.

You collected 373 gold pieces.
You spent 98 gold pieces at shops.


Innate Abilities, Weirdness & Mutations

You are immune to sickness and miasma.
Your stone body is resilient. (AC +6)
You are immune to poison.
You resist negative energy. (rN+)
You are resistant to electric shocks. (rElec)
You are resistant to unholy torment.
You are immune to petrification.


   Skills:
 - Level 7.0(12.0) Fighting
 + Level 9.2(14.2) Axes
 - Level 1.1(6.1) Throwing
 - Level 4.2(9.2) Armour
 - Level 1.0(6.0) Dodging
 - Level 4.2(9.2) Shields
 - Level 4.0 Invocations


You had 8 spell levels left.
You didn't know any spells.
Your spell library was empty.

Inventory:

Hand Weapons
 f - a +2 flail
 Y - a +1 war axe (weapon)
Missiles
 n - 5 boomerangs (quivered)
Armour
 c - a +0 buckler (worn)
 i - a +0 chain mail (worn)
 k - a +1 ring mail of fire resistance
 l - a +0 helmet
 m - a +0 pair of gloves
Jewellery
 b - a ring of protection from cold (left hand)
 g - an amulet of guardian spirit
 h - a ring of willpower
 p - a ring of flight
Scrolls
 a - a scroll of identify
Potions
 d - 3 potions of might
 e - 2 potions of attraction
 j - a potion of haste
 o - a potion of curing

Dungeon Overview and Level Annotations

Branches:
Dungeon (7/15)             Temple (1/1) D:4

Altars:
Ashenzari
Cheibriados
Dithmenos
Elyvilon
Fedhas
Gozag
Hepliaklqana
Kikubaaqudgha
Makhleb
Nemelex Xobeh
Okawaru
Qazlal
Ru
Sif Muna
Trog
Uskayaw
Vehumet
Wu Jian
Xom
Yredelemnul
Zin
The Shining One

Shops:
D:5 =   D:7 [

Annotations:
D:5 1 runed translucent door, Crazy Yiuf
D:7 1 runed translucent door, qw's ghost, novice GrFi


Message History

You block the hornet's attack.
You slash the hornet!
The hornet is almost dead.
The hornet stings you but does no damage.
You closely miss the hornet.
The hornet is almost dead.
The hornet stings you. The hornet stings you!
You closely miss the hornet.
The hornet is almost dead.
The hornet stings you but does no damage.
You hit the hornet but do no damage.
The hornet is almost dead.
The hornet barely misses you.
You closely miss the hornet.
The hornet is almost dead.
The hornet stings you but does no damage.
You miss the hornet.
The hornet is almost dead.
The hornet closely misses you.
You closely miss the hornet.
The hornet is almost dead.
The hornet barely misses you. The hornet closely misses you.
You closely miss the hornet.
The hornet is almost dead.
The hornet stings you.
You hit the hornet.
The hornet is almost dead.
The hornet completely misses you.
You barely miss the hornet.
The hornet is almost dead.
The hornet barely misses you.
You barely miss the hornet.
The hornet is almost dead.
You feel like a meek peon again. The hornet stings you.
6175 ||| INVOKING Heroism.
You gain the combat prowess of a mighty hero.
The hornet stings you but does no damage.
The hornet stings you!
You die...

..#(..###................#
#...#.%......#######.###.#
###..<#.####..... ..# #.#
### ##.##.# ###### ## #.#
##.. #. #.# #.# ##... #.
#.# #.####.... #. #.#
####....>.... #.
#.#############............
#.
#.#......y@.....#######....
#. .############# #.#..
#.##. #.. ...##. ... ##.##.
#.. #.... ####. ##


You could see a hornet.

Vanquished Creatures
  A two-headed ogre (D:6)
  A steam dragon (D:6)
  A water moccasin (D:6)
  Duvessa (D:7)
  An orc warrior (D:6)
  An ice beast (D:6)
  A kobold brigand (D:7)
  A bullfrog (D:7)
  2 scorpions (D:5)
  4 wights (D:7)
  Dowan (D:7)
  5 killer bees (D:6)
  A howler monkey (D:6)
  An orc priest (D:3)
  5 hounds
  5 iguanas
  A sleepcap (D:5)
  3 orc wizards
  A gnoll (D:5)
  5 adders
  4 river rats (D:3)
  A shadow imp (D:6)
  2 white imps (D:6)
  4 worms (D:3)
  3 dart slugs
  17 orcs
  3 endoplasms
  A giant cockroach (D:3)
  11 goblins
  13 hobgoblins
  14 jackals
  7 quokkas
  8 ball pythons
  4 bats
  5 frilled lizards
  11 kobolds
  7 rats
157 creatures vanquished.

Notes
Turn   | Place    | Note
-------+----------+-------------------------------------------
     0 | D:1      | qw the Gargoyle Fighter began the quest for the Orb.
     0 | D:1      | Reached XP level 1. HP: 14/14 MP: 1/1
     0 | D:1      | 0 ||| qw: Version: 0.2-a-29-g511e9b1
     0 | D:1      | 0 ||| qw: Game counter: 5692
     0 | D:1      | 0 ||| qw: Always use a shield: true
     0 | D:1      | 0 ||| qw: God list: Okawaru
     0 | D:1      | 0 ||| qw: Allow faded altars: false
     0 | D:1      | 0 ||| qw: Do Orc after D:15 true
     0 | D:1      | 0 ||| qw: Do second Lair branch before Depths: true
     0 | D:1      | 0 ||| qw: Lair rune preference: random
     0 | D:1      | 0 ||| qw: Plans: Normal, Zot:1-4, Slime:5, God:TSO, Crypt,
                  | Tomb, Abyss, Pan, Hells, Win
     0 | D:1      | 0 ||| PLANNING D:1-11
    14 | D:1      | Reached skill level 2 in Axes
   102 | D:1      | 102 ||| Stepping ~*~*~tactically~*~*~ (stealth).
   108 | D:1      | Reached XP level 2. HP: 19/19 MP: 2/2
   108 | D:1      | 108 ||| Stepping ~*~*~tactically~*~*~ (stealth).
   321 | D:1      | Reached skill level 3 in Axes
   324 | D:1      | Reached XP level 3. HP: 23/23 MP: 3/3
   507 | D:1      | 507 ||| DROPPING +0 club.
   525 | D:1      | 525 ||| Stepping ~*~*~tactically~*~*~ (hiding).
   619 | D:1      | 619 ||| UPGRADING to +0 chain mail.
   629 | D:1      | 629 ||| DROPPING +0 scale mail.
   630 | D:1      | 630 ||| READING scroll labelled TOCUM QUSINIKH.
   720 | D:2      | 720 ||| READING scroll labelled RAQOIKOFIB.
   722 | D:2      | 722 ||| Stepping ~*~*~tactically~*~*~ (stealth).
   723 | D:2      | 723 ||| Stepping ~*~*~tactically~*~*~ (stealth).
   762 | D:2      | 762 ||| Stepping ~*~*~tactically~*~*~ (stealth).
   942 | D:2      | Reached XP level 4. HP: 28/28 MP: 4/4
   978 | D:2      | 978 ||| Stepping ~*~*~tactically~*~*~ (stealth).
  1037 | D:2      | Found a faded altar of an unknown god.
  1038 | D:2      | 1038 ||| Stepping ~*~*~tactically~*~*~ (hiding).
  1040 | D:2      | 1040 ||| Stepping ~*~*~tactically~*~*~ (hiding).
  1055 | D:2      | 1055 ||| Stepping ~*~*~tactically~*~*~ (stealth).
  1056 | D:2      | 1056 ||| Stepping ~*~*~tactically~*~*~ (stealth).
  1172 | D:2      | 1172 ||| UPGRADING to ring of protection from cold.
  1173 | D:2      | 1173 ||| READING scroll labelled NUHIZANOV.
  1198 | D:3      | 1198 ||| PLANNING SEWER
  1213 | D:3      | Reached skill level 4 in Axes
  1230 | D:3      | Found an opulent altar of Gozag.
  1570 | D:3      | Found a bloodstained altar of Trog.
  1633 | D:3      | 1633 ||| Stepping ~*~*~tactically~*~*~ (hiding).
  1634 | D:3      | 1634 ||| Stepping ~*~*~tactically~*~*~ (hiding).
  1635 | D:3      | 1635 ||| Stepping ~*~*~tactically~*~*~ (hiding).
  1636 | D:3      | 1636 ||| Stepping ~*~*~tactically~*~*~ (hiding).
  1637 | D:3      | 1637 ||| Stepping ~*~*~tactically~*~*~ (hiding).
  1638 | D:3      | 1638 ||| Stepping ~*~*~tactically~*~*~ (hiding).
  1639 | D:3      | 1639 ||| Stepping ~*~*~tactically~*~*~ (hiding).
  1640 | D:3      | 1640 ||| Stepping ~*~*~tactically~*~*~ (hiding).
  1641 | D:3      | 1641 ||| Stepping ~*~*~tactically~*~*~ (hiding).
  1642 | D:3      | 1642 ||| Stepping ~*~*~tactically~*~*~ (hiding).
  1674 | D:3      | 1674 ||| Stepping ~*~*~tactically~*~*~ (stealth).
  1675 | D:3      | 1675 ||| Stepping ~*~*~tactically~*~*~ (stealth).
  1678 | D:3      | 1678 ||| Stepping ~*~*~tactically~*~*~ (stealth).
  1690 | D:3      | 1690 ||| Stepping ~*~*~tactically~*~*~ (stealth).
  1753 | D:3      | Reached XP level 5. HP: 22/32 MP: 5/5
  1863 | D:3      | HP: 5/32 [river rat (6)]
  1941 | D:3      | 1941 ||| RIP SEWER
  1970 | D:3      | 1970 ||| PLANNING D:1-11
  2008 | D:3      | Reached skill level 5 in Axes
  2226 | D:3      | 2226 ||| DROPPING +0 whip.
  2537 | D:3      | 2537 ||| READING scroll labelled SALATI CU OHU.
  2538 | D:3      | 2538 ||| READING scroll labelled HASUISTR VEAD.
  2539 | D:3      | 2539 ||| READING scroll labelled UCOUTO UDEYDU.
  2569 | D:4      | Reached XP level 6. HP: 37/38 MP: 6/6
  2574 | D:4      | 2574 ||| Stepping ~*~*~tactically~*~*~ (stealth).
  2576 | D:4      | 2576 ||| Stepping ~*~*~tactically~*~*~ (stealth).
  2908 | D:4      | Found a staircase to the Ecumenical Temple.
  2909 | D:4      | 2909 ||| PLANNING TEMPLE
  2909 | D:4      | 2909 ||| UPGRADING to amulet of guardian spirit.
  2914 | D:4      | 2914 ||| READING scroll labelled YXOTOI RABEID.
  2915 | D:4      | 2915 ||| READING 2 scrolls of identify.
  2915 | D:4      | 2915 ||| IDENTIFYING golden potion
  2916 | D:4      | 2916 ||| DROPPING potion of degeneration.
  2921 | Temple   | Entered the Ecumenical Temple
  3057 | Temple   | 3057 ||| PLANNING OKAWARU WORSHIP
  3104 | Temple   | Became a worshipper of Warmaster Okawaru
  3105 | Temple   | 3105 ||| PLANNING D:1-11
  3105 | Temple   | 3105 ||| REMOVING amulet of guardian spirit.
  3388 | D:4      | 3388 ||| READING 2 scrolls labelled WOADGHI NAAWK.
  3389 | D:4      | 3389 ||| DROPPING scroll of blinking.
  3421 | D:5      | Entered Level 5 of the Dungeon
  3429 | D:5      | 3429 ||| STAIRDANCE
  3525 | D:5      | Found Karuu's Jewellery Shoppe.
  3533 | D:5      | 3533 ||| SHOPLISTING amulet of faith (480 gold, have 172).
  3533 | D:5      | 3533 ||| SHOPLISTING amulet of the Wicked God {Acrobat rC+}
                  | (528 gold, have 172).
  3533 | D:5      | 3533 ||| SHOPLISTING ring of ice (300 gold, have 172).
  3533 | D:5      | 3533 ||| SHOPLISTING ring of positive energy (240 gold,
                  | have 172).
  3533 | D:5      | 3533 ||| SHOPLISTING ring of protection from fire (300
                  | gold, have 172).
  3533 | D:5      | 3533 ||| SHOPLISTING ring of willpower (300 gold, have
                  | 172).
  3655 | D:5      | Found a runed translucent door.
  3656 | D:5      | Noticed Crazy Yiuf
  3765 | D:5      | Reached skill level 6 in Axes
  3857 | D:5      | Reached skill level 1 in Dodging
  3880 | D:5      | Reached XP level 7. HP: 42/43 MP: 7/7
  4178 | D:5      | 4178 ||| READING scroll labelled BUACEYDACI.
  4179 | D:5      | 4179 ||| DRINKING 2 fuming yellow potions.
  4180 | D:5      | 4180 ||| DRINKING 2 grey potions.
  4181 | D:5      | 4181 ||| READING 2 scrolls of identify.
  4181 | D:5      | 4181 ||| IDENTIFYING viscous amethyst potion
  4317 | D:6      | Reached skill level 7 in Axes
  4440 | D:6      | Reached * piety under Okawaru
  4445 | D:6      | 4445 ||| INVOKING Heroism.
  4454 | D:6      | Reached skill level 1 in Throwing
  4454 | D:6      | Reached XP level 8. HP: 25/49 MP: 5/8
  4456 | D:6      | HP: 9/49 [killer bee (5)]
  4457 | D:6      | 4457 ||| DRINKING potion of heal wounds.
  4460 | D:6      | 4460 ||| INVOKING Heroism.
  4461 | D:6      | 4461 ||| INVOKING Heroism.
  4463 | D:6      | Reached skill level 1 in Invocations
  4652 | D:6      | Noticed a two-headed ogre
  4653 | D:6      | 4653 ||| INVOKING Heroism.
  4659 | D:6      | HP: 3/49 [two-headed ogre/+0 giant club (13)]
  4661 | D:6      | Killed a two-headed ogre
  4662 | D:6      | Reached skill level 8 in Axes
  4981 | D:6      | 4981 ||| INVOKING Heroism.
  4995 | D:6      | Reached ** piety under Okawaru
  4996 | D:6      | Reached XP level 9. HP: 33/55 MP: 8/11
  4997 | D:6      | 4997 ||| Stepping ~*~*~tactically~*~*~ (cloud).
  5097 | D:6      | Reached skill level 3 in Invocations
  5100 | D:6      | 5100 ||| INVOKING Heroism.
  5107 | D:6      | Reached skill level 6 in Fighting
  5113 | D:6      | Reached skill level 9 in Axes
  5547 | D:6      | 5547 ||| READING 2 scrolls labelled HILUWK WOWISEU.
  5548 | D:6      | 5548 ||| DRINKING 2 blue potions.
  5549 | D:6      | 5549 ||| READING 2 scrolls of identify.
  5549 | D:6      | 5549 ||| IDENTIFYING puce potion
  5550 | D:6      | 5550 ||| DROPPING scroll of noise.
  5551 | D:6      | 5551 ||| DROPPING potion of enlightenment.
  5590 | D:7      | 5590 ||| INVOKING Heroism.
  5606 | D:7      | 5606 ||| FLEEEEING.
  5608 | D:7      | 5608 ||| STAIRDANCE
  5712 | D:7      | 5712 ||| DROPPING +0 flail.
  5752 | D:7      | Noticed Dowan
  5753 | D:7      | 5753 ||| INVOKING Heroism.
  5753 | D:7      | Noticed Duvessa
  5762 | D:7      | Killed Dowan
  5763 | D:7      | Killed Duvessa
  5889 | D:7      | Found Inidicybbu's Armour Shop.
  5898 | D:7      | 5898 ||| BUYING +0 helmet (49 gold).
  5898 | D:7      | Bought a +0 helmet for 49 gold pieces
  5898 | D:7      | 5898 ||| BUYING +0 pair of gloves (49 gold).
  5898 | D:7      | Bought a +0 pair of gloves for 49 gold pieces
  5939 | D:7      | 5939 ||| Stepping ~*~*~tactically~*~*~ (hiding).
  5993 | D:7      | Found a runed translucent door.
  5996 | D:7      | Noticed qw's ghost (novice GrFi)
  6147 | D:7      | Noticed a hornet
  6153 | D:7      | 6153 ||| INVOKING Heroism.
  6165 | D:7      | HP: 10/57 [hornet (11)]
  6171 | D:7      | HP: 10/57 [hornet (2)]
  6175 | D:7      | 6175 ||| INVOKING Heroism.
  6175 | D:7      | Slain by a hornet

Levels and vault maps discovered:
D:1:      grunt_arrival_crossed_arrows, layout_rooms
D:2:      layout_rooms, dreamdust_ecumenical_altar_statues,
          minmay_strange_pillars
D:3:      layout_basic, mainiacjoe_overflow_concentric_impassable,
          mainiacjoe_overflow_alcove_2, lightli_sewer_entry_pipes, serial_glass,
          glass_columns_a, glass_columns_a, hex_large, kennysheep_small_spiral,
          chequers_jeans
D:4:      layout_cave_pools, temple_doors_ab, grunt_decor_clamped
D:5:      kennysheep_six_static_rooms, layout_rooms, serial_shops,
          nicolae_shop_peninsula, uniq_crazy_yiuf_cottage
D:6:      cheibrodos_barr_body, layout_basic, chequers_serial_rivers_large_a
D:7:      layout_loops_ring, serial_shops, shop, ebering_ghost_reflecting_pool,
          uniq_duvessa
Temple:   nicolae_temple_slightly_damp_pantheon

Skill      XL: |  1  2  3  4  5  6  7  8  9 |
---------------+----------------------------+-----
Axes           | 2 3 4 5 6 7 8 9 |  9.2
Fighting       | 4 5 7 |  7.0
Dodging        | 1 |  1.0
Throwing       | 1 |  1.1
Invocations    | 2 4 |  4.0
Shields        | 4 |  4.2
Armour         | 4 |  4.2

Action                     |  1- 3 |  4- 6 |  7- 9 || total
---------------------------+-------+-------+-------++-------
  Melee: War axe           |    97 |   264 |   190 ||   551
  Throw: Boomerang         |     2 |       |    35 ||    37
 Invoke: Heroism           |       |       |     9 ||     9
    Use: Scroll            |     2 |     7 |     4 ||    13
         Potion            |       |       |     4 ||     4
 Armour: Scale mail        |    29 |       |       ||    29
         Chain mail        |    27 |   157 |    94 ||   278
  Dodge: Dodged            |    33 |    95 |    62 ||   190
  Block: Buckler           |    14 |    33 |    42 ||    89

Table legend:
 A = Non-vault XP
 B = Vault XP
 C = Vault XP percentage of total XP
 D = Non-vault monster count
 E = Vault monster count
 F = Vault count percentage of total count
                 A         B        C        D         E       F
            +---------+---------+-------+---------+---------+-------
      Total |    2600 |    1014 |  28.1 |     126 |      31 |  19.7
            +---------+---------+-------+---------+---------+-------
        D:1 |      54 |       0 |   0.0 |      29 |       0 |   0.0
        D:2 |      41 |       0 |   0.0 |      26 |       0 |   0.0
        D:3 |     122 |     101 |  45.3 |      23 |      11 |  32.4
        D:4 |     110 |       0 |   0.0 |      19 |       0 |   0.0
        D:5 |     209 |     211 |  50.2 |       5 |       6 |  54.5
        D:6 |    1574 |     488 |  23.7 |      16 |      12 |  42.9
        D:7 |     490 |     214 |  30.4 |       8 |       2 |  20.0
            +---------+---------+-------+---------+---------+-------
